cohdb
Replays
Latest Replays
All Replays
Popular Replays
Top Player Replays
Match Explorer
How It Works
Community
CoH3 Stats
Reddit
Sign in to upload your games and track your stats! →
Sign in with Steam
Match 45650867
Unlisted
Match 45650867
Overview
Messages
Build Orders
End
Pioneer Squad
Construct Infanterie Kompanie
Grenadier Squad
Grenadier Squad
MG 42 Machine Gun Team
Construct Panzergrenadier Kompanie
Selects Mechanized Battlegroup
Medical Station
Panzergrenadier Squad
251 Medium Carrier
Pak 40 Anti-tank Gun Team
Support Elements
Selects Raid Package
Nebelwerfer 42 Rocket Launcher Team
MG 42 Machine Gun Team
Construct Panzer Kompanie
Pioneer Squad
Selects Mobile Repair Stations
Selects StuG Assault Group
Selects UNKNOWN (2160084)
Panther Heavy Tank
Panzergrenadier Squad
Pioneer Squad
Nebelwerfer 42 Rocket Launcher Team
Selects Mobile Repair Stations
Selects Stoßtruppen Assault Package
Selects Zeroing Artillery Barrage
Panther Heavy Tank
alloverU LIKEARASH
Bradare
Esxile
MähnGiL
0
0
Comments
sign in to comment!
No comments posted yet!